 Dungeon Crawl Stone Soup version 0.16-a0-380-gc94ca1e (webtiles) character file.

592 MRaven the Archer (level 7, -4/48 HPs)
             Began as a High Elf Hunter on Sept 12, 2014.
             Slain by a mummy (12 damage)
             ... in an ossuary.
             The game lasted 00:22:46 (6692 turns).

MRaven the Archer (High Elf Hunter)                 Turns: 6692, Time: 00:22:46

HP  -4/48        AC  6     Str 11      XL: 7   Next: 16%
MP  15/15        EV 13     Int 20      God:
Gold 291         SH  0     Dex 13 (16) Spells:  0 memorised,  8 levels left

rFire  . . .     SeeInvis .     i - +1 dagger (venom)
rCold  . . .     Clarity  .     p - +3 leather armour
rNeg   . . .     rCorr    .     (no shield)
rPois  .         rRot     .     (no helmet)
rElec  .         Spirit   .     (no cloak)
SustAb .         Warding  .     (no gloves)
rMut   .         Stasis   .     (no boots)
Gourm  .                        (no amulet)
MR     .....                    (no ring)
                                g - +3 ring of intelligence

@: flying, very slightly contaminated, invisible, not resistant to hostile
enchantments, very unstealthy
A: no striking features
a: no special abilities


You were in an ossuary.
You were not hungry.

You visited 1 branch of the dungeon, and saw 4 of its levels.
You also visited: Sewer and Ossuary.

You collected 291 gold pieces.

Inventory:

Hand weapons
 b - a +1 shortbow
 i - a +1 dagger of venom (weapon)
Missiles
 c - 11 arrows
 x - 6 arrows of frost
Armour
 p - a +3 leather armour (worn)
Magical devices
 d - a wand of slowing (11)
 q - a wand of digging (17)
Comestibles
 f - 3 bread rations
 h - 4 fruits
 n - 4 meat rations
Scrolls
 l - a scroll of recharging
 s - a scroll of remove curse
 t - 3 scrolls of identify
 u - a scroll of random uselessness {unknown}
Jewellery
 g - a +3 ring of intelligence (left hand)
Potions
 e - 2 potions of resistance
 k - a potion of might


   Skills:
 + Level 4.0 Fighting
 * Level 8.1 Bows
 + Level 5.1 Dodging
 - Level 1.1 Stealth
 + Level 1.4 Spellcasting


You had 8 spell levels left.
You didn't know any spells.

Dungeon Overview and Level Annotations

Branches:
Dungeon (4/15)
 Temple: D:4-7

Altars:


Message History

You strike the helpless mummy from behind!
You hit the mummy.
The mummy is heavily damaged.
You hit the mummy but do no damage.
The mummy is heavily damaged.
The mummy closely misses you.
You hit the mummy.
The mummy is heavily damaged.
You closely miss the mummy.
The mummy is heavily damaged.
The mummy misses you.
You closely miss the mummy.
The mummy is heavily damaged.
The mummy barely misses you.
You hit the mummy.
The mummy is severely damaged.
You hit the mummy but do no damage.
The mummy is severely damaged.
The mummy hits you!
You die...

... #...............#
.....##...............#
........................
..#......................
##..........∩..........#
#..........∩..........#
#.....................##
#.......................#.
.............@...........
.............M...........
##..........(....##....
#...........(...#
......................#
.....................
...#####.........+## ..
...........#?
∩...........#$


You could see a mummy.

Vanquished Creatures
  Purgy (Sewer)
  A scorpion (D:4)
  2 orc priests
  2 orc wizards
  Ijyb (D:2)
  2 big kobold zombies (Ossuary)
  Terence (D:2)
  9 adders
  3 gnolls (D:2)
  A green rat (D:3)
  A worm (D:3)
  A giant mite (D:3)
  2 adder zombies (Ossuary)
  4 giant geckos (D:1)
  3 oozes
  13 orcs
  2 ball pythons
  16 goblins
  10 hobgoblins
  2 jackals (D:1)
  12 kobolds
  2 quokkas
  9 bats
  6 giant cockroaches
  7 giant newts
  A gnoll zombie (Ossuary)
  3 goblin zombies (Ossuary)
  A jackal zombie (Ossuary)
  2 kobold skeletons (D:4)
  An orc zombie (Ossuary)
  10 rats
  2 rat zombies (Ossuary)
133 creatures vanquished.

Notes
Turn   | Place    | Note
--------------------------------------------------------------
     0 | D:1      | MRaven, the High Elf Hunter, began the quest for the Orb.
     0 | D:1      | Reached XP level 1. HP: 13/13 MP: 2/2
   439 | D:1      | Reached XP level 2. HP: 15/18 MP: 3/3
  1745 | D:1      | Reached XP level 3. HP: 23/23 MP: 5/5
  2560 | D:2      | Reached skill level 6 in Bows
  2707 | D:2      | Reached XP level 4. HP: 25/29 MP: 7/7
  3051 | D:2      | Noticed Terence
  3057 | D:2      | Killed Terence
  3379 | D:2      | Noticed Ijyb
  3430 | D:2      | Killed Ijyb
  3492 | D:2      | Reached XP level 5. HP: 28/35 MP: 8/8
  4665 | D:3      | Reached skill level 7 in Bows
  4665 | D:3      | Reached XP level 6. HP: 42/42 MP: 10/10
  4690 | D:3      | Found a glowing drain.
  4707 | Sewer    | Entered a sewer
  4764 | Sewer    | Noticed Purgy
  4778 | Sewer    | Killed Purgy
  5894 | D:4      | Reached skill level 5 in Dodging
  6080 | D:4      | Reached skill level 8 in Bows
  6080 | D:4      | Reached skill level 1 in Spellcasting
  6080 | D:4      | Reached XP level 7. HP: 47/47 MP: 11/14
  6335 | D:4      | Found a sand-covered staircase.
  6344 | Ossuary  | Entered an ossuary
  6692 | Ossuary  | Slain by a mummy

Action                   |  1- 3 |  4- 6 |  7- 9 || total
-------------------------+-------+-------+-------++-------
Melee: Short sword       |   145 |   174 |       ||   319
       Mace              |       |    38 |       ||    38
       Dagger            |       |    50 |    64 ||   114
 Fire: Shortbow          |    12 |   102 |     6 ||   120
Evoke: Wand              |       |     3 |       ||     3
  Use: Scroll            |       |     7 |       ||     7
       Potion            |       |     1 |     7 ||     8
 Stab: Sleeping          |       |     2 |     1 ||     3
       Invisible         |       |       |     1 ||     1
  Eat: Chunk             |     6 |    10 |     1 ||    17
       Fruit             |       |       |     4 ||     4
